 Dungeon Crawl Stone Soup version 0.26.1-11-gd32895ea62 (webtiles) character file.

Game seed: 759789586316399481

1098 jlumianski the Thaumaturge (level 8, -4/31 HPs)
             Began as a Felid Summoner on May 18, 2021.
             Was a Believer of Dithmenos.
             Slain by a yak (13 damage)
             ... on level 9 of the Dungeon.
             The game lasted 01:26:16 (14887 turns).

jlumianski the Thaumaturge (Felid Summoner)        Turns: 14887, Time: 01:26:16

Health: -4/31      AC:  2    Str: 10    XL:     8   Next: 10%
Magic:  21/21      EV: 18    Int: 18    God:    Dithmenos [**....]
Gold:   187        SH:  0    Dex: 17    Spells: 15/24 levels left
                                        Lives:  0   Deaths: 2

rFire    . . .     SeeInvis +   (weapon unavailable)
rCold    . . .     Faith    .   (shield unavailable)
rNeg     . . .     Spirit   .   (armour unavailable)
rPois    .         Reflect  .   (helmet unavailable)
rElec    .         Harm     .   (cloak unavailable)
rCorr    .         Rampage  .   (gloves unavailable)
Will     +....                  (boots unavailable)
Stlth    ++++......             (no amulet)
HPRegen  0.10/turn              y - +6 ring of strength
MPRegen  0.17/turn              (no ring)

@: wreathed by umbra, quick
A: very small, no armour, no weapons or thrown items, stealth, claws 1, fangs 3,
see invisible, speed 1, shaggy fur 2, sharp paws
a: Renounce Religion, Shadow Step


You were on level 9 of the Dungeon.
You worshipped Dithmenos.
Dithmenos was pleased with you.
You visited 2 branches of the dungeon, and saw 10 of its levels.

You collected 408 gold pieces.
You spent 221 gold pieces at shops.

Inventory:

Jewellery
 k - a -4 ring of slaying
 y - a +6 ring of strength (left paw)
Wands
 p - a wand of flame (15)
 x - a wand of paralysis (10)
 A - a wand of iceblast (9)
Scrolls
 a - a scroll of fog
 b - a scroll of immolation {unknown}
 c - 5 scrolls of remove curse
 d - a scroll of noise {unknown}
 g - 9 scrolls of identify
 i - 2 scrolls of teleportation
 j - a scroll of holy word {unknown}
 l - a scroll of enchant armour
 m - 4 scrolls of blinking {unknown}
 n - 2 scrolls of enchant weapon
 q - 2 scrolls of random uselessness {unknown}
 s - a scroll of amnesia {unknown}
 t - 2 scrolls of fear {unknown}
 w - a scroll of magic mapping {unknown}
Potions
 e - 2 potions of heal wounds
 f - 3 potions of degeneration
 h - a potion of resistance
 o - a potion of cancellation
 r - a potion of attraction {unknown}
 u - 8 potions of curing
 v - a potion of magic {unknown}
 z - a potion of berserk rage {unknown}


   Skills:
 + Level 2.9 Dodging
 + Level 4.5 Stealth
 + Level 0.7 Unarmed Combat
 + Level 8.6 Spellcasting
 + Level 8.3 Summonings


You had 15 spell levels left.
You knew the following spells:

 Your Spells              Type           Power        Failure   Level
a - Summon Small Mammal   Summ           100%         1%          1
b - Call Imp              Summ           37%          1%          2
c - Call Canine Familiar  Summ           37%          1%          3
d - Summon Guardian Gole  Hex/Summ       22%          4%          3

Your spell library contained the following spells:

 Spells                   Type           Power        Failure   Level
 Summon Ice Beast         Ice/Summ       22%          16%         4
 Summon Lightning Spire   Summ/Air       22%          16%         4


Dungeon Overview and Level Annotations

Branches:
Dungeon (9/15)             Temple (1/1) D:4            Lair (0/6) D:8
    Orc: D:9-12

Altars:
Ashenzari
Cheibriados
Dithmenos
Elyvilon
Fedhas
Gozag
Hepliaklqana
Kikubaaqudgha
Makhleb
Nemelex Xobeh
Qazlal
Ru
Sif Muna
Trog
Uskayaw
Vehumet
Wu Jian
Xom
Yredelemnul
Zin
The Shining One

Shops:
D:7 !


Innate Abilities, Weirdness & Mutations

You cannot wear armour.
You are incapable of wielding weapons or throwing items.
Your paws allow you to move quietly. (Stealth)
You have sharp claws.
You have razor-sharp teeth.
You have supernaturally acute eyesight. (SInv)
You cover ground quickly.
You are covered in thick fur. (AC +2)
Your sharp claws are effective at attacking unaware monsters.


Message History

You start resting.
HP restored.
You start resting.
Magic restored.
You climb downwards.
A centaur skeleton comes into view.
The yak gores you!
Ouch! That really hurt!
The yak completely misses you. The yak gores you.
* * * LOW HITPOINT WARNING * * *
The yak closely misses you. x2
A yak comes into view.
There is a stone staircase leading up, spattered with blood here.
You see here the felid skeleton of jlumianski.
The yak closely misses you. The yak misses you. x2
You climb upwards.
There is a stone staircase leading down here.
The yak closely misses you.
You climb downwards.
The yak gores you!
You die...

#.. .....## ...##..
....... #........
....... #.........
....... #...# #?...
....... ##...# #....
.......#####...# #....
..)...Y.##....# #....
.......@Z....# #..Y.
..[.....Y....## ##....
..............#####.....
......!....Y.....5......
.........$#####.[Yr.....
.........## #######...
...####..# ###. ... ##.#
## ##


You could see 3 yaks and a centaur skeleton.

Vanquished Creatures
  A leopard gecko (D:3)
  A bat (D:3)
  A goblin (D:3)
  A rat (D:3)
4 creatures vanquished.

Vanquished Creatures (collateral kills)
  Psyche (D:8)
  A troll (D:9)
  Grinder (D:4)
  Sigmund (D:5)
  Menkaure (D:5)
  Edmund (D:4)
  2 wargs (D:8)
  An orc warrior (D:7)
  A sky beast (D:6)
  An ice beast (D:7)
  2 ogres
  3 phantoms
  A centaur (D:6)
  2 big kobolds
  2 bullfrogs
  3 scorpions
  3 wights (D:7)
  2 hounds (D:6)
  7 orc priests
  16 orc wizards
  Jessica (D:3)
  Ijyb (D:3)
  Terence (D:3)
  6 iguanas
  6 worker ants
  A hound zombie (D:7)
  11 adders
  A shadow imp (D:5)
  A white imp (D:6)
  2 oozes
  An adder skeleton (D:6)
  4 worms
  5 dart slugs
  4 leopard geckos
  37 orcs
  3 ball pythons
  4 giant cockroaches
  3 goblins (D:1)
  6 hobgoblins
  19 kobolds
  2 quokkas
  3 bats (D:1)
  5 frilled lizards
  A leopard gecko skeleton (D:7)
  A quokka skeleton (D:6)
  7 rats
188 creatures vanquished.

Grand Total: 192 creatures vanquished

Notes
Turn   | Place    | Note
-------+----------+-------------------------------------------
     0 | D:1      | jlumianski the Felid Summoner began the quest for the Orb.
     0 | D:1      | Reached XP level 1. HP: 7/7 MP: 4/4
   345 | D:1      | Reached XP level 2. HP: 11/11 MP: 1/6
   616 | D:1      | Learned a level 2 spell: Call Imp
  1975 | D:2      | Found a burning altar of Makhleb.
  2033 | D:3      | Reached XP level 3. HP: 11/14 MP: 2/7
  3535 | D:3      | Noticed Jessica
  3560 | D:3      | Killed Jessica
  3561 | D:3      | Reached XP level 4. HP: 18/18 MP: 1/9
  3664 | D:3      | Reached skill level 5 in Summonings
  3929 | D:3      | Noticed Terence
  4136 | D:3      | Killed Terence
  4643 | D:3      | Noticed Ijyb
  4695 | D:3      | Killed Ijyb
  4696 | D:3      | Reached XP level 5. HP: 21/21 MP: 6/11
  5405 | D:4      | Found a staircase to the Ecumenical Temple.
  5427 | Temple   | Entered the Ecumenical Temple
  5608 | Temple   | Became a worshipper of Dithmenos the Shadowed
  5830 | D:4      | Noticed a +0 hand axe
  5830 | D:4      | Noticed a +0 hand axe
  5832 | D:4      | Found a hide-covered altar of Uskayaw.
  6122 | D:4      | HP: 1/31 [scorpion (3)]
  6123 | D:4      | Succumbed to a scorpion's poison
  6124 | D:4      | Reached XP level 4. HP: 0/27 MP: 1/11
  6176 | D:4      | Reached XP level 5. HP: 13/21 MP: 4/12
  6229 | D:4      | Learned a level 3 spell: Call Canine Familiar
  6803 | D:4      | Noticed a phantom
  6817 | D:4      | Noticed an ogre
  6976 | D:3      | Killed a phantom
  7090 | D:4      | Killed an ogre
  7091 | D:4      | Gained mutation: You are covered in thick fur. (AC +2)
                  | [Felid growth]
  7091 | D:4      | Reached XP level 6. HP: 24/24 MP: 3/14
  7300 | D:4      | Reached * piety under Dithmenos
  7301 | D:4      | Reached skill level 5 in Spellcasting
  7915 | D:5      | Entered Level 5 of the Dungeon
  7918 | D:5      | Noticed Edmund
  7932 | D:5      | Noticed Sigmund
  8226 | D:4      | Killed Edmund
  8316 | D:5      | Noticed Grinder
  8483 | D:4      | Paralysed by Grinder for 7 turns
  8499 | D:4      | Paralysed by Grinder for 2 turns
  8530 | D:4      | Killed Grinder
  8613 | D:5      | Reached XP level 7. HP: 27/27 MP: 6/16
  9459 | D:5      | Noticed Menkaure
  9474 | D:5      | Killed Menkaure
  9695 | D:5      | Killed Sigmund
 11231 | D:6      | Reached ** piety under Dithmenos
 11232 | D:6      | Reached XP level 8. HP: 29/31 MP: 16/19
 11504 | D:6      | Learned a level 3 spell: Summon Guardian Golem
 11515 | D:7      | Found a snail-covered altar of Cheibriados.
 11781 | D:7      | Found Woaptoyc's Distillery.
 11789 | D:7      | Bought a potion of heal wounds for 65 gold pieces
 11789 | D:7      | Bought a potion of curing for 39 gold pieces
 11789 | D:7      | Bought a potion of curing for 39 gold pieces
 11789 | D:7      | Bought a potion of curing for 39 gold pieces
 11789 | D:7      | Bought a potion of curing for 39 gold pieces
 13494 | D:8      | Noticed Psyche
 13527 | D:8      | HP: 1/31 [Psyche/+4 dagger of chaos (15)]
 13531 | D:8      | Killed Psyche
 14106 | D:8      | Found a staircase to the Lair.
 14389 | D:9      | Noticed a troll
 14392 | D:9      | Reached *** piety under Dithmenos
 14565 | D:9      | Slain by a troll
 14566 | D:9      | Reached XP level 7. HP: -3/27 MP: 20/20
 14729 | D:9      | Noticed a yak
 14729 | D:9      | Noticed a yak
 14733 | D:9      | Killed a troll
 14734 | D:9      | Reached XP level 8. HP: 21/31 MP: 1/21
 14887 | D:9      | Slain by a yak

Illustrated notes

Levels and vault maps discovered:
D:1:      wander_arrival_desolate, layout_basic, serial_co_window_serial,
          co_window_paths_b, co_window_paths_a, co_window_corner_a,
          co_window_paths_a, co_window_corner_a, co_window_corner_a,
          co_window_cross_1, co_window_paths_c, co_window_unsneaky_path_b,
          co_window_of_opportunity_b, co_window_cross_2, co_window_paths_e,
          glass_columns_a, glass_columns_c, glass_columns_c, glass_columns_b,
          glass_columns_c, minmay_pentomino_r2
D:2:      layout_loops_cross, bloody_makhleb
D:3:      layout_loops_ring, uniq_terence, uniq_jessica, uniq_ijyb
D:4:      layout_basic, dancing_weapons_uskayaw, minmay_temple_entry_ruins,
          kennysheep_small_circle
D:5:      wad_crossroads, layout_gridville, uniq_sigmund, uniq_edmund,
          uniq_menkaure, uniq_grinder
D:6:      layout_basic, nicolae_benzene_ring
D:7:      layout_loops_ring, slow_altar_1, serial_shops, shop
D:8:      layout_basic, erik_lair_orcish_takeover, uniq_psyche
D:9:      layout_layer_cave, kennysheep_okawaru_gauntlet
Temple:   dpeg_five_rooms_temple

Skill      XL: |  1  2  3  4  5  6  7  8 |
---------------+-------------------------+-----
Stealth        | 3 4 |  4.5
Spellcasting   | 3 4 5 7 8 |  8.6
Summonings     | 5 6 7 8 |  8.3
Dodging        | |  2.9
Unarmed Combat | |  0.7

Action                   |  1- 3 |  4- 6 |  7- 9 || total
-------------------------+-------+-------+-------++-------
Melee: Unarmed           |     9 |    29 |    14 ||    52
       Bite              |       |     3 |     1 ||     4
 Cast: Summon Small Mamm |   117 |   172 |   175 ||   464
       Call Imp          |    21 |    69 |    76 ||   166
       Call Canine Famil |       |    19 |    49 ||    68
  Use: Potion            |     3 |     3 |     2 ||     8
       Scroll            |     2 |     1 |     4 ||     7
 Stab: Sleeping          |     3 |     3 |     4 ||    10
Armor: Skin              |     3 |    18 |     6 ||    27
Dodge: Dodged            |    17 |    66 |    74 ||   157
